AoeStats
← 一条固执的鱼

Highland

505898022Analyzed
3v3 RM · 21d ago on Sep 11, 2026· 41m 46s· 6 players
Game mode
Random Map
Map size
Normal (6 player)
Population
200
Speed
Normal
Resources
Standard
Victory
Conquest
Starting age
Dark Age
Ending age
Imperial Age
RankedLock teamsTeams togetherTeam positionsShared explorationLock speedFull tech treeHidden civsTurbo modeCheats
Victory
Defeat
🇨🇳 Sicilians · China
1259
+14
🇨🇳 Britons · China
1251
+14
🇨🇳 Cumans · China
1238
+15
🇺🇸 Khmer · United States
1272
-16
🇺🇸 Italians · United States
1241
-16
🇮🇳 Muisca · India
1126
-11
Ra
9:52 Feudal Age
10:57 Loom
13:41 Castle Age
12:09 Double-Bit Axe
12:27 Horse Collar
25:45 Wheelbarrow
24:55 Town Watch
26:35 Bloodlines
26:25 Husbandry
27:36 Bow Saw
27:38 Scale Barding Armor
27:44 Forging
33:42 Hand Cart
36:54 Imperial Age
38:31 Elite Battle Elephant
dipsh*t
11:02 Feudal Age
12:52 Loom
12:32 Champi Runner
20:36 Castle Age
18:40 Horse Collar
18:45 Double-Bit Axe
18:56 Gold Mining
21:35 Forging
21:25 Scale Mail Armor
20:46 Champi Warrior
29:27 Imperial Age
27:33 Fletching
27:32 Crossbowman
29:56 Bodkin Arrow
32:26 Conscription
33:07 Thumb Ring
37:47 Arbalester
38:56 Bracer
39:21 Squires
38:49 Pikeman
39:53 Padded Archer Armor
8
6:46 Loom
10:07 Feudal Age
11:09 Double-Bit Axe
14:55 Fletching
19:41 Wheelbarrow
24:24 Castle Age
29:45 Imperial Age
27:23 Crossbowman
34:14 Chemistry
33:14 Bodkin Arrow
34:31 Bracer
36:19 Bow Saw
38:41 Padded Archer Armor
一条固执的鱼
9:24 Feudal Age
9:52 Loom
13:33 Wheelbarrow
15:15 Fletching
21:45 Castle Age
20:04 Double-Bit Axe
20:23 Horse Collar
20:40 Gold Mining
22:45 Crossbowman
23:45 Bow Saw
29:10 Ballistics
29:16 Hand Cart
28:51 Town Watch
29:59 Bodkin Arrow
30:05 Padded Archer Armor
34:47 Imperial Age
38:15 Two-Man Saw
37:53 Yeomen
38:00 Heavy Plow
38:38 Gold Shaft Mining
37:54 Stone Mining
38:24 Arbalester
39:18 Bracer
39:33 Leather Archer Armor
40:24 Chemistry
809591945
6:33 Loom
9:19 Feudal Age
9:54 Town Watch
9:56 Double-Bit Axe
19:45 Castle Age
18:10 Scale Barding Armor
18:45 Forging
18:19 Horse Collar
20:15 Bloodlines
20:28 Stone Mining
20:30 Gold Mining
20:48 Husbandry
21:20 Bow Saw
24:25 Chain Barding Armor
25:00 Wheelbarrow
24:29 Heavy Plow
33:10 Imperial Age
30:58 Hand Cart
32:57 Iron Casting
33:12 Cavalier
34:29 Plate Barding Armor
34:54 Blast Furnace
34:49 Conscription
34:04 Pikeman
37:00 Stone Mining
37:46 Gold Shaft Mining
38:12 Scale Mail Armor
37:36 Halberdier
38:16 Squires
42:35 Chain Mail Armor
沉着 冷静
6:02 Loom
8:44 Feudal Age
9:30 Double-Bit Axe
9:51 Horse Collar
20:02 Castle Age
18:12 Gold Mining
19:27 Town Watch
20:17 Wheelbarrow
26:40 Imperial Age
25:07 Bow Saw
25:02 Heavy Plow
25:50 Stone Mining
26:36 Gold Shaft Mining
26:54 Fletching
27:25 Ballistics
27:51 Bodkin Arrow
28:57 Chemistry
27:58 Padded Archer Armor
28:58 Hand Cart
29:35 Leather Archer Armor
30:56 Ring Archer Armor
30:34 Elite Kipchak
31:36 Conscription
31:46 Thumb Ring
32:07 Parthian Tactics
31:53 Bloodlines
32:37 Masonry
Connection lost

Rejoining the realm…

Still unreachable

The connection could not be restored.

Session expired

The server has moved on; the page needs a fresh start.